 Dungeon Crawl Stone Soup version 0.26.1-11-gd32895ea62 (webtiles) character file.

Game seed: 17073031719669362991

84 sankara the Shield-Bearer (level 4, 0/30 HPs)
             Began as a Halfling Fighter on May 23, 2021.
             Was a Follower of Zin.
             Slain by an orc warrior
             ... wielding a cursed -1 long sword
              (2 damage)
             ... on level 6 of the Dungeon.
             The game lasted 00:03:42 (2164 turns).

sankara the Shield-Bearer (Halfling Fighter)        Turns: 2164, Time: 00:03:43

Health: 0/30       AC:  9    Str: 17    XL:     4   Next: 74%
Magic:  4/4        EV:  9    Int:  6    God:    Zin [*.....]
Gold:   121        SH: 10    Dex: 14    Spells: 3/3 levels left

rFire    . . .     SeeInvis .   a - +1 long sword
rCold    . . .     Faith    .   c - +0 kite shield
rNeg     . . .     Spirit   .   b - +0 scale mail
rPois    .         Reflect  .   m - +0 helmet
rElec    .         Harm     .   (no cloak)
rCorr    .         Rampage  .   (no gloves)
Will     .....                  e - +0 pair of boots
Stlth    ..........             (no amulet)
HPRegen  0.10/turn              (no ring)
MPRegen  0.09/turn              (no ring)

@: slowed, very slow
A: small, mutation resistance 1
a: Renounce Religion, Recite, Donate Gold


You were on level 6 of the Dungeon.
You worshipped Zin.
Zin was aware of your devotion.
You visited 1 branch of the dungeon, and saw 4 of its levels.

You collected 134 gold pieces.
You donated 13 gold pieces to Zin.

Inventory:

Hand Weapons
 a - a +1 long sword (weapon)
Missiles
 g - 47 stones (quivered)
Armour
 b - a +0 scale mail (worn)
 c - a +0 kite shield (worn)
 e - a +0 pair of boots (worn)
 m - a +0 helmet (worn)
Scrolls
 h - 2 scrolls of identify
 l - a scroll of magic mapping {unknown}
Potions
 d - a potion of might
 f - a potion of lignification
 i - a potion of attraction {unknown}
 j - a potion of magic {unknown}
 k - 2 potions of curing {unknown}


   Skills:
 - Level 2.6 Fighting
 * Level 3.5 Long Blades
 + Level 4.0 Armour
 + Level 4.0 Shields


You had 3 spell levels left.
You didn't know any spells.
Your spell library was empty.

Dungeon Overview and Level Annotations

Branches:
Dungeon (3/15)             Temple (0/1) D:6

Altars:
Cheibriados
Hepliaklqana
Ru
Zin


Innate Abilities, Weirdness & Mutations

You are small and have problems with some larger weapons.
You are somewhat resistant to further mutation.


Message History

You block the orc warrior's attack.
The hound zombie bites you but does no damage.
You are too injured to fight recklessly!
You are too injured to fight recklessly!
You are too injured to fight recklessly!
Unknown command.
You are too injured to fight recklessly!
You are too injured to fight recklessly!
You are too injured to fight recklessly!
You are too injured to fight recklessly!
Unknown command.
You closely miss the orc warrior.
The orc warrior is moderately wounded.
You block the orc warrior's attack.
Unknown command.
You hit the orc warrior but do no damage.
The orc warrior is moderately wounded.
The orc wizard hits you but does no damage.
The orc warrior hits you with a cursed -1 long sword.
You die...

#### ..#.
... #..
##.######
...#..o#...#
.>...Zo@.⌠.#
...#..)#...#
##.######
#.. .5. ..#.
####


You could see an orc warrior, an orc wizard, a shadow imp and a hound zombie.

Vanquished Creatures
  An adder (D:2)
  2 oozes (D:2)
  3 dart slugs
  A leopard gecko (D:1)
  4 orcs
  2 ball pythons (D:2)
  4 bats (D:1)
  2 giant cockroaches
  7 goblins
  11 hobgoblins
  2 jackals (D:2)
  3 kobolds
  5 frilled lizards
  3 rats
50 creatures vanquished.

Notes
Turn   | Place    | Note
-------+----------+-------------------------------------------
     0 | D:1      | sankara the Halfling Fighter began the quest for the Orb.
     0 | D:1      | Reached XP level 1. HP: 15/15 MP: 1/1
   126 | D:1      | Reached XP level 2. HP: 13/20 MP: 2/2
   686 | D:1      | Reached XP level 3. HP: 25/25 MP: 3/3
  1183 | D:2      | Reached XP level 4. HP: 25/30 MP: 4/4
  1264 | D:2      | Found a hazy altar of Hepliaklqana.
  1391 | D:2      | Found a faded altar of an unknown god.
  1817 | D:2      | Found a snail-covered altar of Cheibriados.
  1933 | D:2      | Found a glowing silver altar of Zin.
  1933 | D:2      | Found a sacrificial altar of Ru.
  1939 | D:2      | Became a worshipper of Zin the Law-Giver
  1939 | D:2      | Reached * piety under Zin
  2153 | D:3      | You fall into a shaft and drop 3 floors!
  2153 | D:6      | Noticed an orc warrior
  2155 | D:6      | Found a staircase to the Ecumenical Temple.
  2164 | D:6      | Slain by an orc warrior

Illustrated notes

Levels and vault maps discovered:
D:1:      nicolae_arrival_somewhat_less_tricky_arrival, layout_loops_ring
D:2:      layout_basic, lemuel_doored_altar, nicolae_overflow_hidden_temple,
          gammafunk_temple_overflow_wave, chequers_ecumenical_altar_twisty,
          kennysheep_decorative_pillar, guppyfry_early_orc_mine
D:3:      wad_river_or_something, layout_basic, grunt_temple_overflow_open
D:6:      layout_loops_ring, minmay_temple_entry_nine_rooms, uniq_duvessa

Skill      XL: |  1  2  3  4 |
---------------+-------------+-----
Long Blades    | 3 |  3.5
Armour         | 4 |  4.0
Shields        | 4 |  4.0
Fighting       | |  2.6

Action                   |  1- 3 |  4- 6 || total
-------------------------+-------+-------++-------
Melee: Long sword        |   103 |    51 ||   154
Invok: Recite            |       |     1 ||     1
  Use: Scroll            |     3 |       ||     3
Armor: Scale mail        |    46 |    15 ||    61
Dodge: Dodged            |    28 |    11 ||    39
Block: Kite shield       |    55 |    25 ||    80
       Rpst.: Long sword |     7 |     3 ||    10
